cohdb
Replays
Latest Replays
All Replays
Popular Replays
Top Player Replays
Match Explorer
How It Works
Community
CoH3 Stats
Reddit
Sign in to upload your games and track your stats! →
Sign in with Steam
Match 43612374
Unlisted
Match 43612374
Overview
Messages
Build Orders
End
Engineer Squad
Construct Barracks
Riflemen Squad
1⁄4-ton 4x4 Truck
Riflemen Squad
Riflemen Squad
Construct Weapon Support Center
Selects Heavy Weapons
Selects Assault Carriers
Air Support Center
Grenade Package
.30 cal Machine Gun
Grasshopper Recon Run
P-47 Dive Bomb
Bazooka Squad
M3 Assault Carrier
P-47 Strafing Run
M1918 Browning Automatic Rifles
P-47 Dive Bomb
M3 Assault Carrier
Selects Exchangeable Parts
Selects M2HB .50cal Heavy Machine Gun
Selects Gallant Stand
P-47 Strafing Run
M3 Assault Carrier
Selects Bolstered Team Weapons
M3 Assault Carrier
Construct Medical Station
Grasshopper Recon Run
Construct Motor Pool
M3 Assault Carrier
Grasshopper Recon Run
P-47 Dive Bomb
.30 cal Machine Gun
P-47 Dive Bomb
M24 Chaffee Light Tank
M3 Assault Carrier
HeadXKill
FarotCOH3
Hshm96
moe_big90
Vojtyk
Joraad
jawdar.al.maghreb
Kirsche
0
0
Comments
sign in to comment!
No comments posted yet!